Arrhythmia, chaotic female vampiric Convict ---------- ----- |.........#########|...| ------ |........| #|...| +....| |.>......| #|...|# |....| ---------------- |.........# #.[..+############.....| |...".?.)..)@@.-## -+---+----# #|...|% |....| |......[=..[...|# ## # # #-----# |....| |?..%..........|# # # ################ ##.....| ----------------# ### ### ## # # # ------ # # # #### # ### ### # ### # # # # # # # ### ####### # ----- ### ### # ## # #---------# |[..| # # -.-.--### #|...>...-# |%)..## ##."....########|.......| |<..| |[{..| #...)....| ----- ------ --------- Arrhythmia the Jail-bird Experience level: 7 Strength: 15 Dexterity: 11 Constitution: 19 Intelligence: 13 Wisdom: 10 Charisma: 7 Health: 0(65) Energy: 49(49) AC: -1 Gold: 0 Moves: 3017 Your Inventory: Armor b - a cursed +0 striped shirt (being worn) l - an [uncursed] +0 hard hat [dwarvish iron helm] (being worn) o - a [blessed] +1 dwarvish mithril-coat of reflection [and warning] named warning (being worn) p - an [uncursed] +0 pair of hard shoes [iron] (being worn) Potions t - a [cursed] potion of hallucination Rings u - a [cursed -3] citrine ring [of protection] v - an [uncursed] opal ring [of slow digestion] w - an [uncursed] plastic ring [of conflict] x - an [uncursed] silver ring [of free action] y - an [uncursed] tiger eye ring [of cold resistance] z - an [uncursed] gold ring [of regeneration] A - an [uncursed] agate ring [of teleport control] B - a [cursed -3] quartz ring [of gain wisdom] C - an [uncursed] ruby ring [of see invisible] D - a [cursed] obsidian ring [of warning] E - an [uncursed] wooden ring [of searching] F - an [uncursed -4] coral ring [of gain strength] G - an [uncursed] wedding ring [of levitation] H - an [uncursed +2] brass ring [of adornment] I - an [uncursed] tiger eye ring [of cold resistance] J - a [cursed -2] pearl ring [of gain intelligence] K - an [uncursed] silver ring [of free action] L - a [cursed -1] coral ring [of gain strength] M - a [cursed] mithril ring [of polymorph] N - a [blessed +1] quartz ring [of gain wisdom] O - an [uncursed] black onyx ring [of poison resistance] P - a [cursed] jacinth ring [of aggravate monster] Q - an [uncursed +7] glass ring [of increase damage] R - an [uncursed] opal ring [of slow digestion] S - an [uncursed] black onyx ring [of poison resistance] T - an [uncursed] jet ring [of shock resistance] U - a [cursed] granite ring [of teleportation] V - an [uncursed +2] brass ring [of adornment] W - an [uncursed] wooden ring [of searching] X - a [cursed] jacinth ring [of aggravate monster] Wands j - a [blessed] wand of fire (0:0) r - an [uncursed] wand of magic missile [0:3] Tools n - a [blessed oil] lamp Iron balls c - an [uncursed] heavy iron ball (chained to you) Spells known in the end: Name Level Category Fail Memory Your skills at the end: Fighting Skills Weapon Skills sling [Basic / Skilled] Spellcasting Skills Final Attributes: You were piously aligned. Hunger level was 829. Your alignment was 22 / 25. Monster difficulty range was 0 - 5. Level difficulty was 4. You were immune to poison. You were immune to level-drain. You were immune to sickness. You were hallucinating. You were punished. You were warned. You could fly. You could survive without air. You regenerated. You had reflection. Your luck was zero. You are dead. Vanquished creatures: a small mimic a snake 3 enormous rats a rock mole a yellow light 3 gnome lords 2 giant ants a floating eye 6 dwarves a dwarf zombie a wererat a gas spore a hobbit 5 giant rats 4 cave spiders 26 gnomes 5 geckos 2 jackals 2 goblins a grid bug 2 bats a kobold zombie 3 newts and a partridge in a pear tree 74 creatures vanquished. Voluntary challenges: You went without food. You never hit with a wielded weapon. You read items or engraved 4 times. You put on armor 8 times. You never genocided any monsters. You never polymorphed an object. You never changed form. You used no wishes. You abstained from Elbereth's help. You never encountered a bones level. You never used any Sokoban shortcuts. Dungeon overview: The Dungeons of Doom: levels 1 to 4 Level 1 a fountain a long staircase Level 3 a sink Level 4 <- You were here a jewelry store, a fountain stairs to The Gnomish Mines The Gnomish Mines: levels 5 to 6 Level 5 stairs to The Dungeons of Doom History has recorded: On T:1 you entered the Dungeons of Doom to retrieve the Amulet of Yendor! On T:341 you reached level 2 of The Dungeons of Doom. On T:423 you advanced to experience level 2. On T:705 you reached level 3 of The Dungeons of Doom. On T:806 you advanced to experience level 3. On T:1002 you advanced to experience level 4. On T:1239 you reached level 4 of The Dungeons of Doom. On T:1409 you advanced to experience level 5. On T:1563 you reached level 1 of The Gnomish Mines. On T:1585 you advanced to experience level 6. On T:2059 you advanced to experience level 7. On T:2146 you reached level 2 of The Gnomish Mines. Latest messages: You feel an absence of magical power. The Invisible Pink Unicorn zaps a wand of striking! The wand hits you! [HP-11=51] You begin bashing monsters with your bare hands. You miss the baby purple worm. You miss the three-headed monkey. The hobbit zaps a wand of striking! The wand hits you! The looooooooooooong cat wields a broad pick! The tangle tree swings her broad pick. The yellow light hits! [HP-32=19] The magic missile hits the baby sarkany! The wiggle swings her broad pick. The plains centaur hits! The aquator swings her broad pick. The Woodland-elf hits! You die... Tapper takes all your possessions. Final status: Goodbye Arrhythmia the Convict... You died in The Dungeons of Doom on dungeon level 4 with 2432 points, and 0 pieces of gold, after 3017 moves. You were level 7 with a maximum of 65 hit points when you died.